 Seeded DCSS version 0.28-a0-863-g8cecda6153 (webtiles) character file.

Game seed: 20211117 (custom seed)

4721 Rennog the Martial Artist (level 10, -2/87 HPs)
             Began as a Djinni Transmuter on Nov 17, 2021.
             Was an Initiate of Ashenzari.
             Slain by a troll (7 damage)
             ... on level 8 of the Dungeon.
             The game lasted 00:20:36 (12126 turns).

Rennog the Martial Artist (Djinni Transmuter)      Turns: 12126, Time: 00:20:36

Health: -2/87      AC:  7    Str: 12    XL:     10   Next: 73%
Gold:   395        EV: 13    Int: 15    God:    Ashenzari [......] SH:  0 Dex: 14

rFire   x . .      SeeInvis .     - Unarmed
rCold   + + +      Faith    .   (shield currently unavailable)
rNeg    . . .      Spirit   .   (armour currently unavailable)
rPois   ∞          Reflect  .   (helmet currently unavailable)
rElec   .          Harm     .   (cloak currently unavailable)
rCorr   .          Rampage  .   (gloves currently unavailable)
Will    +....                   (boots unavailable)
Stlth   +.........              (no amulet)
HPRegen 0.24/turn               o - ring of wizardry
MPRegen 0.00/turn               (no ring)

@: ice-form, flying
A: freezing attack, flying, boosted hp, sickness immunity, large, (fire
resistance 2), (cold vulnerability 1), float, innate caster, hp casting, extra
vitality 1
a: End Transformation, Renounce Religion, Curse Item, Shatter the Chains


You were on level 8 of the Dungeon.
You worshipped Ashenzari.
Ashenzari was noncommittal.
You were a creature of crystalline ice.
You visited 2 branches of the dungeon, and saw 9 of its levels.
You also visited: Ossuary.

You collected 395 gold pieces.

Inventory:

Hand Weapons
 E - a +0 scimitar of flaming
Missiles
 D - a throwing net
Armour
 a - a +0 robe (melded)
 h - the cursed scarf of Supernal Gnosis (melded) {rC+ rF+, Self, Fort}
   (You found it on level 1 of the Dungeon)

   It has a curse which improves the following skills: Introspection: Fighting
   and Spellcasting.
   Fortitude: Armour and Shields.
 r - a +0 helmet (melded)
Jewellery
 o - a ring of wizardry (left front paw)
Wands
 C - a wand of flame (9)
Scrolls
 c - 3 scrolls of amnesia {unknown}
 d - a scroll of summoning {unknown}
 f - 5 scrolls of magic mapping
 i - a scroll of silence {unknown}
 j - 2 scrolls of enchant armour {unknown}
 m - a scroll of holy word {unknown}
 p - 6 scrolls of identify {unknown}
 q - a scroll of blinking {unknown}
 u - 4 scrolls of fear {unknown}
 v - 3 scrolls of teleportation {unknown}
 w - a scroll of enchant weapon {unknown}
 x - 2 scrolls of noise {unknown}
 y - 3 scrolls of immolation {unknown}
Potions
 b - 5 potions of curing {unknown}
 e - 3 potions of attraction {unknown}
 g - 4 potions of flight {unknown}
 k - 3 potions of degeneration {unknown}
 l - 3 potions of lignification {unknown}
 n - 3 potions of ambrosia {unknown}
 s - 2 potions of might {unknown}
 t - a potion of brilliance {unknown}
 z - 3 potions of haste {unknown}
 A - a potion of heal wounds
 B - 2 potions of magic {unknown}


   Skills:
 + Level 6.9 Fighting
 + Level 7.8 Dodging
 + Level 9.2 Unarmed Combat
 - Level 6.0 Spellcasting


You had one spell level left.
You knew the following spells:

 Your Spells              Type           Power      Damage    Failure   Level
a - Beastly Appendage     Tmut           44%        N/A       1%          1
b - Wereblood             Tmut           22%        N/A       1%          2
c - Spider Form           Tmut/Pois      22%        N/A       1%          3
d - Ice Form              Ice/Tmut       22%        N/A       4%          4
e - Summon Small Mammal   Summ           88%        N/A       1%          1
f - Blink                 Tloc           44%        N/A       1%          2
g - Summon Guardian Gole  Hex/Summ       22%        N/A       1%          3
h - Cause Fear            Hex            11%        N/A       4%          4
Your spell library was empty.

Dungeon Overview and Level Annotations

Branches:
Dungeon (8/15)             Temple (1/1) D:7         Ossuary (visited)
   Lair: D:8-11

Altars:
Ashenzari
Cheibriados
Elyvilon
Fedhas
Gozag
Hepliaklqana
Kikubaaqudgha
Makhleb
Nemelex Xobeh
Okawaru
Qazlal
Ru
Trog
Uskayaw
Vehumet
Wu Jian
Xom
Yredelemnul
Zin
The Shining One

Shops:
D:5 *


Innate Abilities, Weirdness & Mutations

You are a creature of crystalline ice.
You have a powerful freezing melee attack.
You are flying.
Your maximum health is increased.
Your armour is entirely melded.
You are incapable of wielding weapons or throwing items.
You are immune to sickness and miasma.
You are immune to poison.
((Your flesh is very heat resistant. (rF++)))
((You are vulnerable to cold. (rC-)))
You float through the air rather than walking.
You learn spells naturally, not from books.
Your magical power is your life essence.
You have superior vitality. (+4 HP)


Message History

Found a robe.
Ashenzari invites you to partake of a vision and a curse of cunning and ranged combat.
A troll comes into view.
A troll is nearby!
A troll is nearby!
A troll is nearby!
Casting: Summon Guardian Golem (safe; 1% risk of failure)
Confirm with . or Enter, or press ? or * to list all spells.
A guardian golem appears, shielding your allies.
Casting: Summon Guardian Golem (safe; 1% risk of failure)
Confirm with . or Enter, or press ? or * to list all spells.
You turn into a creature of crystalline ice.
The cursed scarf of Supernal Gnosis {rC+ rF+, Self, Fort} melds into your body.
Your +0 helmet melds into your body.
Your +0 robe melds into your body.
You feel hot and cold all over.
Unknown command.
Found a robe.
The troll shouts!
The troll bites you. The troll claws you.
The troll claws you but does no damage.
You hit the troll but do no damage. You barely miss the troll.
The troll bites you! The troll closely misses you. The troll claws you.
You punch the troll! You freeze the troll.
The troll is moderately wounded.
The troll bites you. The troll claws you but does no damage.
The troll barely misses you.
You hit the troll. You freeze the troll.
The troll is moderately wounded.
The troll bites you! The troll claws you! The troll barely misses you.
You hit the troll but do no damage.
The troll is lightly wounded.
The troll bites you!
* * * LOW HITPOINT WARNING * * *
The troll claws you.
* * * LOW HITPOINT WARNING * * *
The troll claws you!
* * * LOW HITPOINT WARNING * * *
The troll bites you but does no damage. The troll claws you!
You die...

#...............#
.###......###..#
#.###....## #..#
##.###...## ##.##
######....##.## #..#
#.......9....# ##(#
##.....##...## #.##
#....####T.# ##..####.
#....##...Y## ##........
#...........######(>.##....
##.[...#............###
#... #.....##....##......#
#... #..#.###....####....#
##... #.##.###....# ##..##
##.... #.#.........#
##.####..... ##..........#
##..##...... #.####.....#
#(.........)


You could see a troll (ally target) and a friendly guardian golem (summoned).

Vanquished Creatures
  Erica (D:8)
  A centaur zombie (D:7)
  3 yaks (D:8)
  A steam dragon (D:8)
  Menkaure (Ossuary)
  2 water moccasins
  An ice beast (D:6)
  2 black bears
  2 centaurs
  3 kobold brigands
  3 bullfrogs
  2 scorpions (D:5)
  A water moccasin skeleton (D:5)
  3 killer bees (D:8)
  A wight (D:6)
  A howler monkey (D:6)
  A crimson imp (D:4)
  A centaur skeleton (D:4)
  2 orc priests
  3 hounds
  An iguana (D:6)
  An orc wizard (D:4)
  3 mummies (Ossuary)
  17 gnolls
  4 adders
  A howler monkey skeleton (D:5)
  A shadow imp (D:5)
  A white imp (D:7)
  3 ufetubi
  2 worms
  28 orcs
  3 bats
  5 endoplasms
  3 giant cockroaches
  6 gnoll zombies (Ossuary)
  6 goblins
  9 hobgoblins
  5 jackals
  5 quokkas
  2 ball pythons (D:1)
  4 frilled lizards
  4 gnoll skeletons (Ossuary)
  10 goblin skeletons
  2 goblin zombies (Ossuary)
  5 hobgoblin skeletons (Ossuary)
  3 hobgoblin zombies
  48 kobolds
  A kobold skeleton (D:4)
  7 kobold zombies
  6 orc skeletons
  7 orc zombies
  2 rats
  4 rat skeletons (Ossuary)
  5 rat zombies (Ossuary)
249 creatures vanquished.

Vanquished Creatures (others)
  A troll (D:6)
  3 yaks (D:8)
  A kobold brigand (D:6)
  4 wights (D:6)
  2 killer bees (D:8)
  An iguana (D:6)
  2 kobolds (D:6)
14 creatures vanquished.

Grand Total: 263 creatures vanquished

Notes
Turn   | Place    | Note
-------+----------+-------------------------------------------
     0 | D:1      | Rennog the Djinni Transmuter began the quest for the Orb.
     0 | D:1      | Reached XP level 1. HP: 17/17 MP: 0/0
   389 | D:1      | Reached XP level 2. HP: 21/22 MP: 0/0
  1049 | D:1      | Reached XP level 3. HP: 27/27 MP: 0/0
  1049 | D:1      | Learned a level 1 spell: Summon Small Mammal
  3061 | D:3      | Reached XP level 4. HP: 22/32 MP: 0/0
  3944 | D:3      | Noticed a kobold brigand
  3946 | D:3      | Reached XP level 5. HP: 25/37 MP: 0/0
  3946 | D:3      | Learned a level 2 spell: Blink
  3952 | D:3      | Killed a kobold brigand
  3953 | D:3      | Reached skill level 4 in Unarmed Combat
  4220 | D:3      | Reached XP level 6. HP: 38/42 MP: 0/0
  6064 | D:3      | Found a stormy altar of Qazlal.
  6398 | D:4      | Noticed a black bear
  6404 | D:4      | Killed a black bear
  6405 | D:4      | Reached XP level 7. HP: 47/47 MP: 0/0
  6405 | D:4      | Learned a level 3 spell: Summon Guardian Golem
  6603 | D:4      | Reached skill level 5 in Unarmed Combat
  6613 | D:4      | Found a glowing golden altar of the Shining One.
  6779 | D:4      | Found a sacrificial altar of Ru.
  7558 | D:5      | Entered Level 5 of the Dungeon
  7634 | D:5      | Reached XP level 8. HP: 45/55 MP: 0/0
  8004 | D:5      | Found Poida's Mayhem Merchandise.
  8253 | D:5      | Found a burning altar of Makhleb.
  8253 | D:5      | Noticed a balrug
  8256 | D:5      | Noticed an orange demon
  8314 | D:5      | Reached skill level 6 in Unarmed Combat
  8736 | D:6      | Found a sand-covered staircase.
  8740 | Ossuary  | Entered an ossuary
  9068 | Ossuary  | Noticed Menkaure
  9071 | Ossuary  | Killed Menkaure
  9072 | Ossuary  | Reached skill level 5 in Dodging
  9551 | D:6      | Reached XP level 9. HP: 56/64 MP: 0/0
  9551 | D:6      | Learned a level 4 spell: Cause Fear
  9556 | D:6      | Noticed a troll
  9718 | D:6      | Killed a troll
  9719 | D:6      | Reached skill level 5 in Fighting
  9719 | D:6      | Reached skill level 7 in Unarmed Combat
 10086 | D:6      | Reached skill level 5 in Spellcasting
 10636 | D:7      | Found a staircase to the Ecumenical Temple.
 10653 | Temple   | Entered the Ecumenical Temple
 10664 | Temple   | Became a worshipper of Ashenzari the Shackled
 11130 | D:7      | Reached skill level 8 in Unarmed Combat
 11181 | D:7      | Found a hazy altar of Hepliaklqana.
 11186 | D:7      | Reached XP level 10. HP: 70/70 MP: 0/0
 11496 | D:8      | Noticed Erica
 11667 | D:8      | Killed Erica
 11668 | D:8      | Reached skill level 9 in Unarmed Combat
 11693 | D:8      | Identified the cursed scarf of Supernal Gnosis {rC+ rF+,
                  | Self, Fort} (You found it on level 1 of the Dungeon)
 12116 | D:8      | HP: 3/87 [troll (10)]
 12126 | D:8      | Slain by a troll

Illustrated notes

Levels and vault maps discovered:
D:1:      evilmike_arrival_plus, layout_basic
D:2:      layout_basic
D:3:      minmay_goblin_kobold_castle, layout_loops_ring,
          nicolae_qazlal_eye_of_the_storm
D:4:      layout_layer_cave, lemuel_crystal_altar, nicolae_tso_besieged_by_evil
D:5:      cheibrodos_thug_alley, layout_cave_pools, makhleb_altar_promises_db,
          minmay_shop_mayhem
D:6:      layout_basic, enter_ossuary_5, grunt_ministairs_15
D:7:      layout_basic, mainiacjoe_overflow_alcove_4, temple_pool_b,
          st_stairs_12, nicolae_elevator_lobby_plus
D:8:      layout_layer_cave, uniq_erica
Temple:   minmay_freezing_vapour_temple

Skill      XL: |  1  2  3  4  5  6  7  8  9 10 |
---------------+-------------------------------+-----
Spellcasting   | 2 3 4 6 |  6.0
Unarmed Combat | 4 5 6 8 9 |  9.2
Fighting       | 2 4 5 6 |  6.9
Dodging        | 3 5 6 7 |  7.8

Action                   |  1- 3 |  4- 6 |  7- 9 | 10-12 || total
-------------------------+-------+-------+-------+-------++-------
Melee: Unarmed           |   143 |   155 |   323 |    32 ||   653
       Headbutt          |    10 |     2 |     2 |       ||    14
       Punch             |     1 |       |     1 |       ||     2
 Cast: Beastly Appendage |    21 |     5 |     5 |       ||    31
       Wereblood         |     1 |     2 |    16 |       ||    19
       Spider Form       |       |     8 |     6 |     1 ||    15
       Ice Form          |       |     5 |    29 |     4 ||    38
       Summon Guardian G |       |       |     6 |     5 ||    11
       Cause Fear        |       |       |     1 |     1 ||     2
Invok: Curse Item        |       |       |       |     1 ||     1
  Use: Scroll            |       |       |     1 |       ||     1
 Stab: Sleeping          |     1 |       |     2 |       ||     3
Armor: Robe              |    30 |     5 |     4 |       ||    39
       Skin              |       |    22 |    68 |     8 ||    98
Dodge: Dodged            |    98 |   113 |   184 |    26 ||   421

Table legend: (Time is in decaauts)
 A = Elapsed time spent in this place.
 B = Non-inter-level travel time spent in this place.
 C = Inter-level travel time spent in this place.
 D = Time resting spent in this place.
 E = Time spent auto-exploring this place.
 F = Levels seen in this place.
 G = Mean time per level.
                   A        B        C        D        E       F      G
               +--------+--------+--------+--------+--------+-----+--------+
         Total |  12065 |  11631 |    434 |    251 |   9682 |  10 | 1206.5 |
       Dungeon |  11478 |  11052 |    426 |    251 |   9273 |   8 | 1434.8 |
        Temple |     16 |      8 |      8 |      0 |      0 |   1 |   16.0 |
       Ossuary |    569 |    569 |      0 |      0 |    409 |   1 |  569.0 |
               +--------+--------+--------+--------+--------+-----+--------+

Top non-repeatable levels by time:
     D:3: 2958 daAuts
     D:1: 1932 daAuts
     D:4: 1460 daAuts
     D:6: 1255 daAuts
     D:2: 1179 daAuts
     D:5: 1117 daAuts
     D:7: 860 daAuts
     D:8: 713 daAuts
 Ossuary: 569 daAuts
  Temple: 16 daAuts
